 Dungeon Sprint DCSS version 0.28.0-53-g5a82cb258f (webtiles) character file.

Game seed: 14261096486196795060

1000000 Zeld the Nimble (level 11, -28/92 HPs)
             Began as a Djinni Monk on June 5, 2022.
             Was a Believer of Makhleb.
             Annihilated by a bag of meat
             ... wielding a +9 war axe
              (44 damage)
             ... in the Dungeon (Sprint VIII: "Arena of Blood").
             The game lasted 00:00:17 (10 turns).

Zeld the Nimble (Djinni Monk)                         Turns: 10, Time: 00:00:17

Health: -28/92     AC:  2    Str: 14    XL:     11   Next: 25%
Gold:   0          EV: 19    Int: 13    God:    Makhleb [**....] SH:  0 Dex: 15

rFire   + + .      SeeInvis .   g - +∞ Axe of Woe
rCold   x . .      Faith    .   (shield currently unavailable)
rNeg    . . .      Spirit   .   a - +0 robe
rPois   ∞          Reflect  .   (no helmet)
rElec   .          Harm     .   (no cloak)
rCorr   .          Rampage  .   (no gloves)
Will    +....      NoTele   +   (boots unavailable)
Stlth   ++........              (no amulet)
HPRegen 0.25/turn               (no ring)
MPRegen 0.00/turn               (no ring)

@: radiating poison, flying
A: sickness immunity, fire resistance 2, cold vulnerability 1, float, innate
caster, HP casting, extra vitality 1
a: Renounce Religion, Minor Destruction


You were in the Dungeon.
You worshipped Makhleb.
Makhleb was pleased with you.
You visited 1 branch

Inventory:

Hand Weapons
 g - the +∞ Axe of Woe (weapon)
   (You found it in the Dungeon)
Armour
 a - a +0 robe (worn)
Scrolls
 f - a scroll of blinking
Potions
 b - a potion of curing
 c - a potion of heal wounds
 d - a potion of haste
 e - a potion of berserk rage


   Skills:
 + Level 13.0 Fighting
 * Level 9.8 Axes
 + Level 14.1 Dodging
 - Level 1.5 Stealth
 - Level 3.0 Unarmed Combat
 * Level 8.7 Spellcasting
 * Level 11.0 Invocations


You had 14 spell levels left.
You knew the following spells:

 Your Spells              Type           Power      Damage    Failure   Level
a - Pain                  Necr           100%       1d9       1%          1
b - Ensorcelled Hibernat  Hex/Ice        56%        N/A       1%          2
c - Call Imp              Summ           28%        N/A       1%          2
d - Olgreb's Toxic Radia  Pois           28%        N/A       3%          4
e - Summon Ice Beast      Ice/Summ       28%        N/A       3%          4
Your spell library was empty.

Dungeon Overview and Level Annotations

Branches:
Dungeon (1/1)

Altars:
Makhleb


Innate Abilities, Weirdness & Mutations

You are immune to sickness and miasma.
You are immune to poison.
Your flesh is very heat resistant. (rF++)
You are vulnerable to cold. (rC-)
You float through the air rather than walking.
You learn spells naturally, not from books.
Your magical power is your life essence.
You have superior vitality. (+4 MHP)


Message History

You have reached level 3!
Your experience leads to an increase in your attributes!
Increase (S)trength, (I)ntelligence, or (D)exterity?
You feel stronger. x2
The power to cast Pain wells up from within.
Spell assigned to 'a'.
You have reached level 4!
You feel clever.
You have reached level 5!
The power to cast Ensorcelled Hibernation wells up from within.
Spell assigned to 'b'.
You have reached level 6!
You have reached level 7!
The power to cast Call Imp wells up from within.
Spell assigned to 'c'.
You have reached level 8!
You feel clever.
You have reached level 9!
Your experience leads to an increase in your attributes!
Increase (S)trength, (I)ntelligence, or (D)exterity?
You feel stronger. x2
The power to cast Olgreb's Toxic Radiance wells up from within.
Spell assigned to 'd'.
You have reached level 10!
You have reached level 11!
The power to cast Summon Ice Beast wells up from within.
Spell assigned to 'e'.
Unknown command.
Unknown command.
Cast which spell? (? or * to list)
You begin to radiate toxic energy.
The bag of meat is poisoned. x3
The meat berserker is poisoned. x2; The bag of meat looks even sicker. x2
The meat berserker looks even sicker.
You hear a shout! x7
The meat berserker hits you with a +9 battleaxe!!!!
Ouch! That really hurt!
* * * LOW HITPOINT WARNING * * *
You hear a shout!
The bag of meat hits you with a +9 war axe!!!
You die...

.. .. .. .. #.
.# #O. ..#
.###.. ..###.
......###......
......._.......
....#...O.#....
. #_.@._# .
#..o..#
....._o....
......###......
.###.. ..###.
#.. .o# #.. ..#
.. ..


You could see 2 meat berserkers and 3 bags of meat.

Vanquished Creatures
  An orc (D)
1 creature vanquished.

Notes
Turn   | Place    | Note
-------+----------+-------------------------------------------
     0 | D        | Found the +∞ Axe of Woe
     0 | D        | Zeld the Djinni Monk began the quest for the Orb.
     0 | D        | Reached XP level 1. HP: 20/20 MP: 0/0
     2 | D        | Noticed a bag of meat
     4 | D        | Became a worshipper of Makhleb the Destroyer
     4 | D        | Reached * piety under Makhleb
     4 | D        | Reached ** piety under Makhleb
     4 | D        | Noticed a bag of meat
     5 | D        | Noticed a bag of meat
     6 | D        | Noticed a bag of meat
     9 | D        | Killed a bag of meat
     9 | D        | Noticed a meat berserker
    10 | D        | Reached skill level 14 in Dodging
    10 | D        | Reached XP level 2. HP: 40/40 MP: 0/0
    10 | D        | Reached XP level 3. HP: 45/45 MP: 0/0
    10 | D        | Learned a level 1 spell: Pain
    10 | D        | Reached XP level 4. HP: 51/51 MP: 0/0
    10 | D        | Reached XP level 5. HP: 57/57 MP: 0/0
    10 | D        | Learned a level 2 spell: Ensorcelled Hibernation
    10 | D        | Reached XP level 6. HP: 63/63 MP: 0/0
    10 | D        | Reached XP level 7. HP: 68/68 MP: 0/0
    10 | D        | Learned a level 2 spell: Call Imp
    10 | D        | Reached XP level 8. HP: 75/75 MP: 0/0
    10 | D        | Reached XP level 9. HP: 80/80 MP: 0/0
    10 | D        | Learned a level 4 spell: Olgreb's Toxic Radiance
    10 | D        | Reached XP level 10. HP: 86/86 MP: 0/0
    10 | D        | Reached XP level 11. HP: 92/92 MP: 0/0
    10 | D        | Learned a level 4 spell: Summon Ice Beast
    10 | D        | Noticed a bag of meat
    10 | D        | Noticed a meat berserker
    10 | D        | Annihilated by a bag of meat

Illustrated notes

Levels and vault maps discovered:
D:        meatsprint

Skill      XL: |  1 |
---------------+----+-----
Fighting       | 13 | 13.0
Axes           | 9 |  9.8
Dodging        | 14 | 14.1
Spellcasting   | 8 |  8.7
Invocations    | 11 | 11.0
Stealth        | |  1.5
Unarmed Combat | |  3.0

Action                   |  1- 3 |  4- 6 |  7- 9 | 10-12 || total
-------------------------+-------+-------+-------+-------++-------
Melee: Executioner's axe |     1 |       |       |       ||     1
 Cast: Olgreb's Toxic Ra |       |       |       |     1 ||     1
